AoeStats
← HUSEINMACO

Arabia

510033459Analyzed
1v1 RM · 4d ago on Sep 29, 2026· 26m 46s· 2 players
Game mode
Random Map
Map size
Tiny (2 player)
Population
200
Speed
Normal
Resources
Standard
Victory
Conquest
Starting age
Dark Age
Ending age
Imperial Age
RankedLock teamsTeams togetherTeam positionsShared explorationLock speedFull tech treeHidden civsTurbo modeCheats
Victory
Defeat
🇲🇽 Saracens · Mexico
889
+17
🇺🇸 Teutons · United States
915
-17
HUSEINMACO
7:16 Loom
9:42 Feudal Age
10:12 Double-Bit Axe
10:25 Man-at-Arms
14:13 Forging
16:11 Fletching
18:35 Wheelbarrow
23:20 Castle Age
21:31 Horse Collar
22:11 Padded Archer Armor
22:08 Gold Mining
23:28 Crossbowman
24:14 Thumb Ring
24:06 Bodkin Arrow
24:57 Bloodlines
25:01 Bow Saw
25:24 Leather Archer Armor
martymcfly
9:41 Loom
11:27 Feudal Age
12:43 Double-Bit Axe
15:07 Gold Mining
17:29 Castle Age
16:17 Stone Mining
17:08 Horse Collar
17:46 Scale Mail Armor
19:29 Wheelbarrow
25:05 Fletching
26:50 Bodkin Arrow
Connection lost

Rejoining the realm…

Still unreachable

The connection could not be restored.

Session expired

The server has moved on; the page needs a fresh start.